 Dungeon Crawl Stone Soup version 0.30.1 (webtiles) character file.

Game seed: 9127288765107775096

125 tizbic2 the Firebug (level 5, -1/42 HPs)
             Began as a Naga Fire Elementalist on July 13, 2023.
             Slain by Natasha (5 damage)
             ... on level 2 of the Dungeon.
             The game lasted 00:07:47 (2091 turns).

tizbic2 the Firebug (Naga Fire Elementalist)        Turns: 2091, Time: 00:07:47

Health: -1/42      AC:  2    Str: 11    XL:     5   Next: 9%
Magic:  6/9        EV: 10    Int: 17    God:
Gold:   90         SH:  0    Dex: 11    Spells: 9/10 levels left

rFire   . . .        a - +0 dagger
rCold   . . .        (no shield)
rNeg    . . .        d - +0 robe
rPois   +            (no helmet)
rElec   .            (no cloak)
rCorr   .            (no gloves)
SInv    +            (no barding)
Will    .....        (no amulet)
Stlth   ++           (no ring)
HPRegen 0.27/turn    (no ring)
MPRegen 0.11/turn

%: no passive effects
@: short of breath, studying Stealth, very slow
A: AC +1, large, see invisible, deformed body, poison resistance, slowness 2,
spit poison 1, naga tail 1
a: Spit Poison


You were on level 2 of the Dungeon.
You visited 1 branch of the dungeon, and saw 3 of its levels.

You collected 90 gold pieces.

Inventory:

Hand Weapons
 a - a +0 dagger (weapon)
 k - a +0 hand axe
 w - a +0 sling
Armour
 d - a +0 robe (worn)
 e - a +2 leather armour of poison resistance
Scrolls
 c - a scroll of fear {unknown}
 f - a scroll of identify {unknown}
 h - a scroll of noise {unknown}
Potions
 b - 2 potions of magic
 g - 2 potions of curing {unknown}
 i - a potion of heal wounds {unknown}
 j - a potion of degeneration {unknown}


   Skills:
 - Level 2.3 Dodging
 * Level 3.2 Stealth
 * Level 3.3 Spellcasting
 + Level 2.2 Conjurations
 + Level 3.6 Fire Magic


You had 9 spell levels left.
You knew the following spells:

 Your Spells              Type           Power      Damage    Failure   Level
a - Foxfire               Conj/Fire      48%        2x1d6     5%          1

Your spell library contained the following spells:

 Spells                   Type           Power      Damage    Failure   Level
 Scorch                   Fire           30%        2d6       6%          2
 Inner Flame              Hex/Fire       8%         N/A       24%         3
 Volatile Blastmotes      Fire/Tloc      16%        2d11      24%         3
 Flame Wave               Conj/Fire      12%        2d6       45%         4


Dungeon Overview and Level Annotations

Branches:
Dungeon (3/15)

Altars:

Annotations:
D:2 Natasha


Innate Abilities, Weirdness & Mutations

Your serpentine skin is tough. (AC +1)
You have supernaturally acute eyesight. (SInv)
Armour fits poorly on your strangely shaped body.
Your system is resistant to poisons. (rPois)
You cover ground very slowly.
You can spit poison.
You have a snake-like lower body.


Message History

The adder bites you but does no damage. Natasha closely misses you.
The adder barely misses you.
Natasha wildly gestures.
You feel disoriented.
Natasha mumbles some strange words.
Natasha glows brightly for a moment.
Natasha misses you.
You hit Natasha but do no damage.
Natasha is severely wounded.
The adder bites you.
Natasha stares at you and mumbles some strange words.
The magic dart hits you. The adder closely misses you.
The adder attacks as you move away! The adder misses you.
The adder barely misses you.
You miss the adder.
The adder is almost dead.
The adder bites you.
Aiming: Spit Poison (1% risk of failure)
Press: ? - help, Shift-Dir - straight line, f - Natasha, p - adder
Aim: Natasha (severely wounded, 50% to hit)
The splash of poison hits the adder.
You kill the adder!
Unknown command.
You hit Natasha but do no damage.
Natasha is severely wounded.
Natasha mumbles some strange words.
You closely miss Natasha.
Natasha is severely wounded.
Natasha casts a spell.
The cerulean imp shouts!
You closely miss Natasha.
Natasha is severely wounded.
Natasha claws you!
* * * LOW HITPOINT WARNING * * *
The cerulean imp completely misses you. Natasha attacks as you move away!
Natasha claws you.
* * * LOW HITPOINT WARNING * * *
Natasha growls.
Natasha claws you.
You die...

###
#.#.######.........####
#
#.#.##................#
#
#.#.####.#.........##.#
. #....
#.#.........##<##### ##
#...# #
#.5.......##...... #
#..##
#.........##.##### #
#5##########.# # #h#
#.# #@# #.# #.# #.# #.#
#.# #.# #.# #.# #.# #.#
#.# #.##########.#
#............#
############.#


You could see Natasha and 2 cerulean imps.

Vanquished Creatures
  Natasha (twice) (D:2)
  Robin (D:2)
  An adder (D:2)
  A worm (D:2)
  A dart slug (D:2)
  An endoplasm (D:2)
  13 goblins
  4 hobgoblins
  4 jackals (D:2)
  A kobold (D:2)
  A quokka (D:1)
  6 ball pythons
  5 bats
  10 rats
51 creatures vanquished.

Vanquished Creatures (others)
  63 foxfires
63 creatures vanquished.

Grand Total: 114 creatures vanquished

Notes
Turn   | Place    | Note
-------+----------+-------------------------------------------
     0 | D:1      | tizbic2 the Naga Fire Elementalist began the quest for the
                  | Orb.
     0 | D:1      | Reached XP level 1. HP: 15/15 MP: 3/3
   194 | D:1      | Reached XP level 2. HP: 20/22 MP: 0/5
   812 | D:2      | Noticed Natasha
   821 | D:2      | Reached XP level 3. HP: 28/28 MP: 1/6
   881 | D:2      | Killed Natasha
  1007 | D:2      | Noticed Natasha
  1012 | D:2      | Killed Natasha
  1013 | D:2      | Reached XP level 4. HP: 35/36 MP: 6/8
  1083 | D:2      | Noticed Robin
  1116 | D:2      | Killed Robin
  1560 | D:2      | You fall into a shaft and drop 1 floor!
  1787 | D:2      | Reached XP level 5. HP: 42/42 MP: 7/9
  2074 | D:2      | Noticed Natasha
  2091 | D:2      | Slain by Natasha

Illustrated notes

Levels and vault maps discovered:
D:1:      amcnicky_arrival_abandoned_market, layout_basic,
          reono_crystal_passage, minivault_27
D:2:      layout_basic, uniq_natasha, uniq_robin
D:3:      layout_basic, slow_altar_2, gammafunk_ghost_nasty_kobolds,
          uniq_jessica

Skill      XL: |  1  2  3 |
---------------+----------+-----
Dodging        | 2 |  2.3
Spellcasting   | 3 |  3.3
Conjurations   | 2 |  2.2
Stealth        | |  3.2
Fire Magic     | |  3.6

Action                     |  1- 3 |  4- 6 || total
---------------------------+-------+-------++-------
  Melee: Unarmed           |    19 |       ||    19
         Club              |    18 |       ||    18
         Hand axe          |    15 |    41 ||    56
         Dagger            |       |    11 ||    11
   Fire: Sling             |       |     4 ||     4
   Cast: Foxfire           |    29 |     8 ||    37
Ability: Spit Poison       |     5 |     7 ||    12
    Use: Potion            |       |     1 ||     1
   Stab: Sleeping          |     2 |     1 ||     3
 Armour: Robe              |     6 |     4 ||    10
         Leather armour    |    25 |    23 ||    48
  Dodge: Dodged            |    32 |    36 ||    68
